 Dungeon Crawl Stone Soup version 0.31-a0-1278-g11c5b68f87 (webtiles) character file.

Game seed: 18194845236320040428

2365 avis the Nimble (level 9, 0/45 HPs)
             Began as a Felid Shapeshifter on Dec 17, 2023.
             Was an Initiate of Gozag.
             Killed from afar by an electric eel (3 damage)
             ... with a bolt of electricity
             ... on level 7 of the Dungeon.
             The game lasted 00:44:32 (8833 turns).

avis the Nimble (Felid Shapeshifter)                Turns: 8833, Time: 00:44:32

Health: 0/45       AC:  2    Str: 10    XL:     9   Next: 21%
Magic:  14/14      EV: 26    Int: 18    God:    Gozag
Gold:   566        SH:  0    Dex: 16    Spells: 9/14 levels left
                                        Lives:  0   Deaths: 3

rFire   . .          .
                       - Unarmed
rCold   . . .        (shield unavailable)
rNeg    . . .        (body armour unavailable)
rPois   .            (helmet unavailable)
rElec   .            (cloak unavailable)
rCorr   .            (gloves unavailable)
SInv    +            (boots unavailable)
Will    +....        (no amulet)
Stlth   +            (no ring)
HPRegen 0.27/turn    (no ring)
MPRegen 0.14/turn

%: no passive effects
@: flux-form, glowing, very slow
A: glow, contaminating, very small, claws 1, fangs 3, see invisible, shaggy fur
2, stealthy paws, no weapons or thrown items, no armour, multi-lived
a: Begin Untransformation, Renounce Religion, Potion Petition, Call Merchant,
Bribe Branch


You were on level 7 of the Dungeon.
You worshipped Gozag.
Gozag was pleased with you.
You were something dangerously unstable.
You visited 2 branches of the dungeon, and saw 8 of its levels.

You collected 649 gold pieces.
You paid 83 gold pieces to Gozag.

Inventory:

Talismans
 f - a flux talisman (active)
 m - a maw talisman
 D - a dragon-blood talisman
Wands
 a - a wand of charming (13)
 v - a wand of digging (4)
Scrolls
 b - a scroll of enchant armour
 d - a scroll of fog {unknown}
 h - a scroll of teleportation
 i - 2 scrolls of blinking {unknown}
 k - 2 scrolls of amnesia {unknown}
 l - a scroll of poison {unknown}
 o - 3 scrolls of revelation {unknown}
Potions
 c - a potion of brilliance {unknown}
 e - a potion of magic {unknown}
 g - a potion of degeneration {unknown}
 j - a potion of haste {unknown}
 n - a potion of attraction {unknown}
 p - 2 potions of enlightenment
 q - 3 potions of heal wounds {unknown}
 s - a potion of cancellation {unknown}
 u - a potion of resistance {unknown}
 w - a potion of invisibility {unknown}


   Skills:
 - Level 4.0 Fighting
 * Level 8.9 Dodging
 - Level 3.0 Unarmed Combat
 - Level 3.0 Spellcasting
 - Level 1.0 Transmutations
 - Level 4.0 Ice Magic
 - Level 1.0 Evocations
 - Level 7.0 Shapeshifting


You had 9 spell levels left.
You knew the following spells:

 Your Spells              Type           Power      Damage    Failure   Level
e - Wereblood             Tmut           6%         N/A       16%         2
o - Ozocubu's Armour      Ice            17%        N/A       10%         3

Your spell library contained the following spells:

 Spells                   Type           Power      Damage    Failure   Level
 Lesser Beckoning         Tloc           4%         N/A       24%         2
 Sublimation of Blood     Necr           2%         N/A       24%         2
 Gell's Gravitas          Tloc           2%         N/A       43%         3
 Teleport Other           Tloc           2%         N/A       43%         3
 Metabolic Englaciation   Hex/Ice        4%         N/A       89%         5
 Conjure Ball Lightning   Conj/Air       1%         3x3d6     100%        6
 Malign Gateway           Summ/Tloc      1%         N/A       100%        7
 Summon Hydra             Summ           1%         N/A       100%        7
 Discord                  Hex            1%         N/A       100%        8
 Disjunction              Tloc           1%         N/A       100%        8
 Summon Horrible Things   Summ           1%         N/A       100%        8
 Simulacrum               Ice/Necr       Unusable   N/A       N/A         6

Dungeon Overview and Level Annotations

Branches:
Dungeon (7/15)             Temple (1/1) D:5

Altars:
Dithmenos
Elyvilon
Gozag
Hepliaklqana
Kikubaaqudgha
Makhleb
Nemelex Xobeh
Okawaru
Ru
Sif Muna
Vehumet
Wu Jian
Xom
Yredelemnul
The Shining One

Shops:
D:3 (


Innate Abilities, Weirdness & Mutations

You are something dangerously unstable.
You glow with magical radiation, making you easy to see and hit.
Foes you strike become dangerously contaminated with magical radiation.
You have sharp claws.
You have razor-sharp teeth.
You have supernaturally acute eyesight. (SInv)
You are covered in thick fur. (AC +2)
Your paws help you pounce on unaware monsters.
You are incapable of wielding weapons or throwing items.
You cannot wear armour.
You gain extra lives every three experience levels.


Message History

You start resting.
HP restored.
The electric eel shoots out a bolt of lightning at you!
The bolt of electricity hits you!
Aiming: Charm
Press: ? - help, Shift-Dir - straight line, f - electric eel
Aim: an electric eel (chance to affect: 60%)
The electric eel resists with significant effort.
Aiming: Charm
Press: ? - help, Shift-Dir - straight line, f/p - electric eel
Aim: an electric eel (chance to affect: 60%)
The electric eel is charmed.
The electric eel shoots out a bolt of lightning at you!
The bolt of electricity hits you! The bolt of electricity misses you.
What are your orders? t - Meow!
Orders for allies: a - Attack new target. p - Attack previous target. r - Retreat! s - Stop attacking. g - Guard the area. f - Follow me.
Anything else - Cancel.
Gang up on whom?
Press: ? - help, Dir - move target, f - electric eel, p - electric eel
Aim: an electric eel Attack!
You enter the shallow water.
Moving in this stuff is going to be slow.
The electric eel shoots out a bolt of lightning at you!
The bolt of electricity hits you!
* * * LOW HITPOINT WARNING * * *
The electric eel shoots out a bolt of lightning at you!
The bolt of electricity hits you!
* * * LOW HITPOINT WARNING * * *
You enter the shallow water.
Moving in this stuff is going to be slow.
The electric eel shoots out a bolt of lightning at you!
The bolt of electricity hits your electric eel.
Your electric eel completely resists.
The bolt of electricity hits you.
You die...
Your body crumbles into a pile of gold.

########## ## #........########
#. ### #.###...........# #.
...#..##.##.#.####.## #.
#.#...#.##.#.~...~.## ##
#.......##..~#~.S#~.# #.
###..........~...~..## ####.
##.####..~...S...~.######.... #.#
#.~#~.p#~.~#~.......##.
#.####..~...~...~.?.###..##.
##'#...~...~...~...~.###..###
##....#~#~.~#~.~#~.~#~##......
##.......~...~...~...~.##...###
##..........~...~...~...##....##
##..........~#~.~#~.~#~..##.....#
.'.........'.~...~...~...........
##.........##..h...~....###..#..#


You could see an electric eel (ally target) and a friendly electric eel
(charmed).

Vanquished Creatures
  Eustachio (D:5)
  A wyvern (D:7)
  A water moccasin (D:6)
  An orc warrior (D:6)
  A sky beast (D:7)
  4 centaurs
  An ogre (D:6)
  3 bullfrogs
  5 scorpions
  5 killer bees (D:7)
  A gnoll bouda (D:6)
  3 hounds
  3 orc priests
  4 orc wizards
  3 iguanas
  2 sleepcaps
  4 gnolls (D:6)
  6 adders
  2 white imps
  2 worms
  3 dart slugs
  30 orcs
  7 bats
  4 endoplasms
  4 giant cockroaches
  11 goblins
  4 hobgoblins
  A quokka (D:3)
  5 ball pythons
  2 frilled lizards (D:2)
  13 kobolds
  9 rats
146 creatures vanquished.

Notes
Turn   | Place    | Note
-------+----------+-------------------------------------------
     0 | D:1      | avis the Felid Shapeshifter began the quest for the Orb.
     0 | D:1      | Reached XP level 1. HP: 10/10 MP: 2/2
   220 | D:1      | Reached XP level 2. HP: 14/14 MP: 3/3
   756 | D:2      | Found a faded altar of an unknown god.
   846 | D:2      | Reached XP level 3. HP: 14/18 MP: 4/4
  1114 | D:2      | Reached skill level 1 in Spellcasting
  1140 | D:2      | Learned a level 3 spell: Ozocubu's Armour
  1274 | D:2      | Reached skill level 1 in Ice Magic
  1530 | D:2      | Reached XP level 4. HP: 22/23 MP: 6/6
  1549 | D:3      | Noticed a scorpion
  1559 | D:2      | Killed a scorpion
  1837 | D:3      | Reached XP level 5. HP: 26/26 MP: 7/7
  1982 | D:3      | Found Unwask's Weapon Emporium.
  2196 | D:3      | Reached skill level 1 in Evocations
  2463 | D:3      | Killed from afar by an orc priest
  3175 | D:4      | Gained mutation: You are covered in thick fur. (AC +2)
                  | [Felid growth]
  3175 | D:4      | Reached XP level 6. HP: 30/30 MP: 6/10
  3629 | D:4      | Reached skill level 5 in Shapeshifting
  3806 | D:4      | Found a hazy altar of Hepliaklqana.
  3826 | D:4      | Reached XP level 7. HP: 15/35 MP: 8/11
  4602 | D:5      | Entered Level 5 of the Dungeon
  5266 | D:5      | Found a staircase to the Ecumenical Temple.
  5273 | Temple   | Entered the Ecumenical Temple
  5300 | Temple   | Became a worshipper of Gozag Ym Sagoz the Greedy
  5910 | D:5      | Learned a level 2 spell: Wereblood
  6077 | D:6      | Noticed Eustachio
  6143 | D:5      | Killed Eustachio
  6144 | D:5      | Reached XP level 8. HP: 36/39 MP: 7/12
  6420 | D:6      | Found an ornate altar of the Wu Jian Council.
  6533 | D:6      | Mangled by an orc warrior
  6934 | D:6      | Reached skill level 4 in Dodging
  7249 | D:7      | Reached skill level 5 in Dodging
  7428 | D:7      | Reached skill level 6 in Dodging
  7637 | D:7      | Reached skill level 1 in Transmutations
  7853 | D:7      | Reached skill level 7 in Dodging
  8127 | D:7      | Reached XP level 9. HP: 40/45 MP: 10/14
  8201 | D:7      | Reached skill level 8 in Dodging
  8280 | D:7      | Slain by a killer bee
  8832 | D:7      | HP: 2/45 [electric eel/bolt of electricity (11)]
  8833 | D:7      | Killed from afar by an electric eel

Illustrated notes

Levels and vault maps discovered:
D:1:      spicycebolla_green_bress_n_ham, layout_rooms
D:2:      minmay_alternating_diamond, layout_loops_cross,
          shapermc_ecumenical_altar_starsandcircs
D:3:      corexii_shack_village, layout_basic, serial_shops, shop
D:4:      layout_basic, amcnicky_altar_gilded
D:5:      layout_basic, minmay_temple_entry_hall, lemuel_flamethrower_1
D:6:      layout_rooms, nzn_wu_jian_contemplation, uniq_eustachio
D:7:      layout_loops_corners, nicolae_uskayaw_dance_studio, marbit_many_paths,
          kennysheep_doodads
Temple:   nicolae_temple_figure_eight

Skill      XL: |  1  2  3  4  5  6  7  8  9 |
---------------+----------------------------+-----
Shapeshifting  | 3 4 5 7 |  7.0
Fighting       | 2 4 |  4.0
Spellcasting   | 1 2 3 |  3.0
Ice Magic      | 1 2 3 4 |  4.0
Evocations     | 1 |  1.0
Dodging        | 7 8 |  8.9
Transmutations | 1 |  1.0
Unarmed Combat | |  3.0

Action                     |  1- 3 |  4- 6 |  7- 9 || total
---------------------------+-------+-------+-------++-------
  Melee: Unarmed           |    78 |   175 |   259 ||   512
         Bite              |     8 |    21 |    47 ||    76
         Punch             |     3 |     5 |     1 ||     9
   Cast: Ozocubu's Armour  |       |     8 |    31 ||    39
         Wereblood         |       |       |     5 ||     5
  Evoke: Wand              |       |       |     2 ||     2
    Use: Potion            |       |     2 |     3 ||     5
         Scroll            |       |       |     8 ||     8
   Stab: Sleeping          |       |     1 |       ||     1
 Armour: Skin              |    18 |    58 |   107 ||   183
  Dodge: Dodged            |    56 |   113 |   296 ||   465
   Form: Flux              |       |       |     1 ||     1

Table legend: (Time is in decaauts)
 A = Elapsed time spent in this place.
 B = Non-inter-level travel time spent in this place.
 C = Inter-level travel time spent in this place.
 D = Time resting spent in this place.
 E = Time spent auto-exploring this place.
 F = Levels seen in this place.
 G = Mean time per level.
                   A        B        C        D        E       F      G
               +--------+--------+--------+--------+--------+-----+--------+
         Total |   8815 |   7429 |   1386 |   1951 |   3454 |   8 | 1101.9 |
       Dungeon |   8637 |   7303 |   1334 |   1851 |   3454 |   7 | 1233.9 |
        Temple |    178 |    126 |     52 |    100 |      0 |   1 |  178.0 |
               +--------+--------+--------+--------+--------+-----+--------+

Top non-repeatable levels by time:
     D:4: 1817 daAuts
     D:7: 1488 daAuts
     D:3: 1430 daAuts
     D:2: 1118 daAuts
     D:6: 1071 daAuts
     D:5: 1003 daAuts
     D:1: 707 daAuts
  Temple: 178 daAuts
